 Dungeon Crawl Stone Soup version 0.17-a0-1637-g5d65775 (webtiles) character file.

81925 karlkraus the Peltast (level 15, -2/134 HPs)
             Began as a Minotaur Fighter on Aug 7, 2015.
             Was the Champion of Qazlal.
             Slain by a spatial maelstrom (12 damage)
             ... on level 2 of the Abyss.
             The game lasted 01:16:36 (17612 turns).

karlkraus the Peltast (Minotaur Fighter)           Turns: 17612, Time: 01:16:36

Health: -2/134     AC: 24    Str: 32    XL:     15   Next: 28%
Magic:  11/11      EV: 10    Int:  6    God:    Qazlal [******]
Gold:   1984       SH: 19    Dex:  9    Spells: 0 memorised, 14 levels left

rFire  + + .     SeeInvis +     i - +4 mace (holy)
rCold  + . .     Clarity  +     A - +2 plate armour
rNeg   . . .     SustAt   .     C - +3 buckler of the Mackerel {+Inv rF+ SInv}
rPois  +         Gourm    .     (helmet restricted)
rElec  +         Spirit   .     u - +2 cloak
rCorr  .         Warding  .     (no gloves)
rMut   +         Stasis   .     r - +2 pair of boots
MR     +....                    O - amulet of Coronation {rMut rF+ rC- Str+11 Int-2}
Stlth  ..........               P - ring "Umpeo" {rElec rC++ Str-5 Int+3 Slay+2}
                                z - +3 ring of slaying

@: repel missiles, somewhat resistant to hostile enchantments, extremely
unstealthy
A: retaliatory headbutt, beak, hooves 1, horns 2, iridescent scales 1, clarity,
clumsy 2, deformed body, deterioration 1, frail 1, low mp 2, poison resistance,
robust 1, strong 1
a: Upheaval, Elemental Force, Disaster Area, Renounce Religion, Evoke
Invisibility


You were on level 2 of the Abyss.
You worshipped Qazlal.
Qazlal was exalted by your worship.
You were hungry.

You visited 4 branches of the dungeon, and saw 20 of its levels.
You visited the Abyss 2 times.
You also visited: Ice Cave.

You collected 1984 gold pieces.

Inventory:

Hand weapons
 a - a +3 flail
 i - a +4 mace of holy wrath (weapon)
Armour
 c - a +2 shield
 k - a swamp dragon hide
 r - a +2 pair of boots (worn)
 u - a +2 cloak (worn)
 A - a +2 plate armour (worn)
 C - the +3 buckler of the Mackerel (worn) {+Inv rF+ SInv}
   (You found it on level 8 of the Lair of Beasts)

   It protects you from fire.
   It lets you see invisible.
   It lets you turn invisible.
Rods
 R - a +3 rod of the swarm (14/14)
   (You found it on level 2 of the Lair of Beasts)
Jewellery
 p - an uncursed amulet of guardian spirit
 v - an uncursed ring of sustain attributes
 z - a +3 ring of slaying (left hand)
 I - an uncursed ring of see invisible
 K - an uncursed ring of protection from cold
 O - the amulet of Coronation (around neck) {rMut rF+ rC- Str+11 Int-2}
   (You found it in an ice cave)

   [amulet of resist mutation]

   It protects you from mutation.
   It affects your strength (+11).
   It affects your intelligence (-2).
   It protects you from fire.
   It makes you vulnerable to cold.
 P - the ring "Umpeo" (right hand) {rElec rC++ Str-5 Int+3 Slay+2}
   (You found it on level 9 of the Dungeon)

   [ring of slaying]

   It affects your strength (-5).
   It affects your intelligence (+3).
   It affects your accuracy and damage with ranged weapons and melee attacks
   (+2).
   It greatly protects you from cold.
   It insulates you from electricity.
Magical devices
 y - a wand of teleportation (2)
 F - a wand of paralysis (15)
 G - a wand of flame (19)
 H - a wand of cold (10)
 J - a wand of teleportation (5)
 N - a wand of digging (12)
 Q - a wand of random effects (29)
 V - a wand of digging (12)
 X - a wand of slowing (25)
Scrolls
 f - 8 scrolls of remove curse
 h - 5 scrolls of teleportation
 j - 4 scrolls of fog
 l - 3 scrolls of immolation
 t - 3 scrolls of identify
 B - 3 scrolls of blinking
 S - a scroll of summoning
 T - a scroll of enchant weapon
 W - a scroll of magic mapping
Potions
 b - 4 potions of might
 d - 3 potions of flight
 m - 3 potions of ambrosia
 o - 9 potions of curing
 q - 2 potions of agility
 w - 2 potions of lignification
 E - a potion of magic {unknown}
 L - 2 potions of cure mutation {unknown}
 M - 4 potions of cancellation {unknown}
 U - 2 potions of haste {unknown}
Comestibles
 e - 9 bread rations
 n - 12 meat rations
 s - 11 slices of pizza
 x - 5 beef jerkies
 D - 21 fruits


   Skills:
 + Level 12.5 Fighting
 + Level 15.3 Maces & Flails
 + Level 13.6 Armour
 + Level 5.5 Dodging
 + Level 2.0 Stealth
 + Level 20.0 Shields


You had 14 spell levels left.
You didn't know any spells.

Dungeon Overview and Level Annotations

Branches:
Dungeon (9/15)             Temple (1/1) D:5            Lair (8/8) D:8
  Swamp (3/4) Lair:6        Snake (0/4) Lair:5        Slime (0/6) Lair:8
    Orc: D:9-12

Altars:
Ashenzari
Cheibriados
Dithmenos
Elyvilon
Fedhas
Gozag
Kikubaaqudgha
Makhleb
Nemelex Xobeh
Okawaru
Qazlal
Ru
Sif Muna
Trog
Vehumet
Xom
Yredelemnul
Zin
The Shining One
Jiyva

Shops:
D:6 }

Annotations:
Lair:8 1 runed door
Swamp:3 Louise


Innate Abilities, Weirdness & Mutations

You reflexively headbutt those who attack you in melee.
You have a pair of horns on your head.
You have a beak for a mouth.
You have large cloven feet.
You are partially covered in iridescent scales (AC +4).
You possess an exceptional clarity of mind.
Your body sometimes deteriorates upon taking damage.
Your system is resistant to poisons.
You are robust (+10% HP).
Your muscles are strong. (Str +2)
[You are very clumsy. (Dex -4)]
[Armour fits poorly on your strangely shaped body.]
[You are frail (-10% HP).]
[Your magical capacity is very low (-20% MP).]


Message History

A smoke demon comes into view.
You hear a chilling moan.
The spatial maelstrom is engulfed in freezing vapours.
The spatial maelstrom barely misses you.
You furiously retaliate!
You headbutt the spatial maelstrom!
The spatial maelstrom hits you but does no damage.
You hear a roar!
The spatial vortex is engulfed in roaring flames.
The spatial maelstrom is engulfed in freezing vapours.
You block the spatial maelstrom's attack. x2
You block the smoke demon's attack. x2
The smoke demon barely misses you.
The smoke demon hits you but does no damage.
The smoke demon completely misses you. You block the smoke demon's attack.
The shadow wraith is engulfed in freezing vapours.
You hear a roar!
The spatial maelstrom closely misses you.
You furiously retaliate!
You headbutt the spatial maelstrom. The spatial maelstrom hits you!
You die...

..# ._..
...### ...#
..... ...
....###..
#......
#.....# #
##.v§.#
.####.##@#
#.....3.v# .
#.####§.## ..
#.#.#ZW.#
...##..#.§###
#.........#.#
###..#..v#.#
..
....5#.####
........##v#.


You could see a spatial maelstrom, a shadow wraith (invisible), 2 spatial
vortices, a spectral eight-headed hydra, a smoke demon and a shadow imp.

Vanquished Creatures
  A tentacled starspawn (Abyss:1)
  A thorn hunter (Swamp:3)
  Maud (Lair:7)
  6 dire elephants (Lair:8)
  12 hydras
  2 ice dragons (IceCv)
  Erolcha (D:9)
  A ghost crab (Swamp:3)
  2 catoblepae
  An anaconda (Lair:8)
  4 death yaks (Lair:7)
  4 alligators
  A spriggan druid (Swamp:2)
  2 swamp dragons
  2 ice statues (IceCv)
  2 shambling mangroves (Swamp:2)
  Pikel (D:6)
  2 griffons
  4 black mambas
  19 elephants
  Joseph (D:9)
  13 spiny frogs
  9 komodo dragons
  The ghost of Yanek the Covered, an average MiFi (D:4)
  6 two-headed ogres (D:9)
  2 fire drakes
  4 giant leeches
  16 blink frogs
  Prince Ribbit (D:8)
  4 bog bodies
  10 slime creatures
  2 wyverns
  A deep elf mage (D:9)
  4 spriggans
  Sigmund (D:2)
  A shadow (Swamp:2)
  A hungry ghost (D:8)
  34 yaks
  7 hippogriffs
  4 basilisks
  7 swamp worms
  2 small abominations (Abyss:1)
  10 insubstantial wisps
  28 vampire mosquitoes
  12 porcupines
  3 nagas (Lair:5)
  5 swamp drakes
  2 black bears
  An orc warrior (D:9)
  A slave (D:6)
  17 ice beasts
  10 wasps
  19 ogres
  2 sky beasts
  16 water moccasins
  A centaur (D:8)
  13 crocodiles
  5 big kobolds
  9 giant frogs
  A wyvern zombie (D:7)
  7 scorpions
  6 wights
  9 killer bees
  7 electric eels
  A giant frog zombie (D:5)
  7 crimson imps
  6 orc wizards
  A centaur skeleton (D:5)
  3 orc priests
  An iron imp (Abyss:1)
  2 worker ants
  A hound (D:6)
  3 iguanas
  12 sheep
  2 hound skeletons
  Robin (D:2)
  42 river rats
  11 adders
  A shadow imp (D:6)
  An adder zombie (D:9)
  An adder skeleton (D:6)
  5 worms
  10 giant geckos
  24 orcs
  15 bats
  5 giant cockroaches
  14 hobgoblins
  12 jackals
  2 quokkas
  6 ball pythons (D:3)
  8 giant newts
  23 goblins
  A jackal skeleton (D:6)
  A jackal zombie (D:5)
  18 kobolds
  A quokka skeleton (D:7)
  5 rats
  6 briar patches (Swamp:3)
  55 fungi
  46 plants
737 creatures vanquished.

Vanquished Creatures (others)
  A swamp dragon (Swamp:3)
  A shambling mangrove (Swamp:2)
  A vampire mosquito (Swamp:2)
  2 insubstantial wisps (Swamp:3)
  A briar patch (Swamp:3)
  10 fungi
  16 plants
  7 starspawn tentacles (Abyss:1)
  7 starspawn tentacle segments (Abyss:1)
46 creatures vanquished.

Grand Total: 783 creatures vanquished

Notes
Turn   | Place    | Note
--------------------------------------------------------------
     0 | D:1      | karlkraus the Minotaur Fighter began the quest for the Orb.
     0 | D:1      | Reached XP level 1. HP: 19/19 MP: 0/0
   117 | D:1      | Reached skill level 4 in Shields
   119 | D:1      | Reached XP level 2. HP: 16/27 MP: 1/1
   521 | D:1      | Reached XP level 3. HP: 33/33 MP: 2/2
   713 | D:2      | Noticed Sigmund
   743 | D:2      | Killed Sigmund
   743 | D:2      | Reached skill level 1 in Dodging
   743 | D:2      | Reached skill level 5 in Shields
   743 | D:2      | Reached XP level 4. HP: 3/41 MP: 3/3
   743 | D:2      | Reached XP level 5. HP: 3/47 MP: 4/4
  1173 | D:2      | Noticed Robin
  1187 | D:2      | Killed Robin
  1254 | D:2      | Found a white marble altar of Elyvilon.
  1286 | D:2      | Found a shattered altar of Ashenzari.
  1415 | D:2      | Reached XP level 6. HP: 51/55 MP: 5/5
  1695 | D:2      | Found an ancient bone altar of Kikubaaqudgha.
  2639 | D:3      | Reached skill level 5 in Armour
  2854 | D:4      | Reached skill level 5 in Fighting
  2924 | D:4      | Noticed Yanek's ghost (average MiFi)
  2950 | D:4      | Killed Yanek's ghost
  2950 | D:4      | Reached skill level 1 in Stealth
  2950 | D:4      | Reached skill level 6 in Shields
  2950 | D:4      | Reached XP level 7. HP: 35/61 MP: 6/6
  3076 | D:4      | Reached skill level 5 in Maces & Flails
  3180 | D:4      | Found a shimmering altar of Xom.
  3332 | D:4      | Found a basalt altar of Yredelemnul.
  3421 | D:4      | Reached skill level 7 in Shields
  3461 | D:5      | Entered Level 5 of the Dungeon
  3646 | D:5      | Found a staircase to the Ecumenical Temple.
  3657 | Temple   | Entered the Ecumenical Temple
  3727 | Temple   | Became a worshipper of Qazlal Stormbringer
  4410 | D:5      | Reached XP level 8. HP: 69/69 MP: 7/7
  4441 | D:5      | Gained mutation: Scrolls take you a little longer to read. [mutagenic meat]
  4442 | D:5      | Gained mutation: You evolve. [mutagenic meat]
  4443 | D:5      | Gained mutation: You are partially covered in iridescent scales (AC +4). [mutagenic meat]
  4444 | D:5      | Gained mutation: Your muscles are strong. (Str +2) [mutagenic meat]
  4445 | D:5      | Lost mutation: Scrolls take you a little longer to read. [mutagenic meat]
  4446 | D:5      | Gained mutation: Your flesh is heat resistant. [mutagenic meat]
  4731 | D:6      | Found a deep blue altar of Sif Muna.
  4752 | D:6      | Reached skill level 8 in Shields
  4813 | D:6      | Found an opulent altar of Gozag.
  4815 | D:6      | Found an iron altar of Okawaru.
  4819 | D:6      | Found a burning altar of Makhleb.
  4997 | D:6      | Acquired Qazlal's first power
  4998 | D:6      | Gained mutation: You possess an exceptional clarity of mind. [evolution]
  5394 | D:6      | Found Ikumy's Gadget Boutique.
  5466 | D:6      | Noticed Pikel
  5479 | D:6      | Killed Pikel
  5479 | D:6      | Reached skill level 9 in Shields
  5479 | D:6      | Reached XP level 9. HP: 54/75 MP: 8/8
  5965 | D:7      | Gained mutation: You have large cloven feet. [evolution]
  6503 | D:8      | Acquired Qazlal's second power
  6509 | D:8      | Reached skill level 10 in Shields
  6533 | D:8      | Reached XP level 10. HP: 53/86 MP: 4/9
  6633 | D:8      | Found a blossoming altar of Fedhas.
  6635 | D:8      | Found a radiant altar of Vehumet.
  6639 | D:8      | Found a shadowy altar of Dithmenos.
  6781 | D:8      | Acquired Qazlal's third power
  6781 | D:8      | Reached skill level 11 in Shields
  6861 | D:8      | Found a staircase to the Lair.
  6899 | D:8      | Noticed Prince Ribbit
  6910 | D:8      | Killed Prince Ribbit
  7260 | D:9      | Reached skill level 12 in Shields
  7459 | D:9      | Acquired Qazlal's fourth power
  7459 | D:9      | Reached skill level 10 in Armour
  7477 | D:9      | Reached XP level 11. HP: 67/94 MP: 10/10
  7489 | D:9      | Reached skill level 10 in Maces & Flails
  7491 | D:9      | Noticed Erolcha
  7491 | D:9      | Cast into the Abyss (Erolcha)
  7585 | Abyss:1  | Noticed a tentacled starspawn
  7634 | Abyss:1  | Killed a tentacled starspawn
  7634 | Abyss:1  | Reached skill level 13 in Shields
  7719 | D:9      | Escaped the Abyss
  7733 | D:9      | Killed Erolcha
  7791 | D:9      | Got a crude steel ring
  7828 | D:9      | Identified the ring "Umpeo" {rElec rC++ Str-5 Int+3 Slay+2} (You found it on level 9 of the Dungeon)
  8008 | D:9      | Gained mutation: You are robust (+10% HP). [mutagenic meat]
  8162 | D:9      | Noticed a two-headed hydra
  8182 | D:9      | Killed a two-headed hydra
  8380 | D:9      | Noticed Joseph
  8390 | D:9      | Killed Joseph
  8691 | Lair:1   | Entered Level 1 of the Lair of Beasts
  8823 | Lair:1   | Noticed a four-headed hydra
  8831 | Lair:1   | Killed a four-headed hydra
  8831 | Lair:1   | Reached skill level 14 in Shields
  9497 | Lair:2   | Reached XP level 12. HP: 100/114 MP: 8/11
 10118 | Lair:2   | You fall through a shaft for 2 floors!
 10136 | Lair:4   | Noticed a four-headed hydra
 10161 | Lair:4   | Killed a four-headed hydra
 10161 | Lair:4   | Acquired Qazlal's fifth power
 10246 | Lair:4   | Reached skill level 10 in Fighting
 10611 | Lair:4   | Reached skill level 15 in Shields
 10835 | Lair:4   | Noticed a catoblepas
 10849 | Lair:4   | Killed a catoblepas
 11355 | Lair:5   | Found a staircase to the Snake Pit.
 11455 | Lair:5   | Gained mutation: Your system is resistant to poisons. [evolution]
 11713 | Lair:5   | Noticed a four-headed hydra
 11718 | Lair:5   | Killed a four-headed hydra
 11726 | Lair:5   | Reached skill level 16 in Shields
 11965 | Lair:6   | Noticed an eight-headed hydra
 11977 | Lair:6   | Killed an eight-headed hydra
 11977 | Lair:6   | Reached XP level 13. HP: 73/125 MP: 6/12
 12211 | Lair:6   | Found a staircase to the Swamp.
 12454 | Lair:6   | Noticed a five-headed hydra
 12466 | Lair:6   | Killed a five-headed hydra
 12536 | Lair:6   | Lost mutation: You evolve. [potion of mutation]
 12536 | Lair:6   | Gained mutation: You have a beak for a mouth. [potion of mutation]
 12537 | Lair:6   | Lost mutation: Your flesh is heat resistant. [potion of mutation]
 12537 | Lair:6   | Gained mutation: Your body sometimes deteriorates upon taking damage. [potion of mutation]
 12833 | Lair:7   | Noticed Maud
 12853 | Lair:7   | Killed Maud
 12868 | Lair:7   | Reached skill level 17 in Shields
 12915 | Lair:7   | Reached skill level 5 in Dodging
 13218 | Lair:7   | Found a frozen archway.
 13231 | IceCv    | Entered an ice cave
 13652 | IceCv    | Got a brightly glowing pewter amulet
 13671 | IceCv    | Identified the amulet of Coronation {rMut rF+ rC- Str+11 Int-2} (You found it in an ice cave)
 14128 | Lair:7   | You fall through a shaft!
 14128 | Lair:8   | Entered Level 8 of the Lair of Beasts
 14136 | Lair:8   | Reached skill level 18 in Shields
 14136 | Lair:8   | Reached XP level 14. HP: 125/136 MP: 13/13
 14219 | Lair:8   | Found a runed door.
 14222 | Lair:8   | Found a viscous altar of Jiyva.
 14222 | Lair:8   | Found a staircase to the Slime Pits.
 15145 | Lair:8   | Got a distressingly furry buckler
 15223 | Lair:8   | Identified the +3 buckler of the Mackerel {+Inv rF+ SInv} (You found it on level 8 of the Lair of Beasts)
 15546 | Swamp:1  | Entered Level 1 of the Swamp
 15790 | Swamp:1  | Reached skill level 19 in Shields
 16328 | Swamp:2  | Reached skill level 15 in Maces & Flails
 16638 | Swamp:2  | Reached XP level 15. HP: 138/146 MP: 14/14
 17195 | Swamp:3  | Noticed a thorn hunter
 17236 | Swamp:3  | Killed a thorn hunter
 17316 | Swamp:3  | Reached skill level 20 in Shields
 17353 | Swamp:3  | Noticed Louise
 17395 | Swamp:3  | Cast into the Abyss (Louise)
 17421 | Abyss:1  | Paralysed by accursed screaming for 1 turns
 17425 | Abyss:1  | Paralysed by accursed screaming for 2 turns
 17591 | Abyss:2  | HP: 3/134 [spatial maelstrom (4)]
 17612 | Abyss:2  | Found a shimmering altar of Xom.
 17612 | Abyss:2  | Slain by a spatial maelstrom

Vault maps used:
D:1:      evilmike_arrival_home_sweet_home, minmay_misc_feat_rows, st_stairs_10,
          hangedman_feature_mirror, minmay_cupped
D:2:      nicolae_ashenzari_panopticon, kiku_gazebo_pond_becter,
          nicolae_overflow_crystal_walls, minmay_misc_feat_doors, uniq_sigmund,
          uniq_robin
D:3:      first_bread, minmay_shallow_snake_nest
D:4:      yredelemnul_altar_generic, lemuel_doored_altar, st_stairs_4,
          serial_bayou_ford_a
D:5:      minmay_temple_entry_junction2, kennysheep_cross_bottleneck
D:6:      led_sif_book, minitemple, serial_shops, shop,
          kennysheep_generic_room_3, uniq_pikel
D:8:      grunt_temple_overflow_open, minmay_lair_entry_grove,
          uniq_prince_ribbit1
D:9:      lemuel_ogre_cave, hangedman_ranch, uniq_joseph
Temple:   temple_island_7
Lair:1:   st_stairs_7, wad_woods_06, ldierk_geyser, guppyfry_lair_drakes,
          bh_autumn_forest_stairs, serial_bayou_shore_a
Lair:2:   serial_bayou_pond_b
Lair:5:   guppyfry_snake_entry_garden, serial_forest,
          infiniplex_forest_clump_medium, infiniplex_forest_clump_curved,
          infiniplex_forest_lined_1, infiniplex_forest_clump_double,
          infiniplex_forest_side_room, infiniplex_forest_lined_3
Lair:6:   minmay_swamp_entry_swarm, st_stairs_12, dpeg_stationary_puzzle
Lair:7:   statuecave_lemuel, portal_ice_cave_entry_pillars_01, uniq_maud
Lair:8:   due_jungle_book, slime_altar_2
Swamp:1:  nicolae_swamp_feature_on_the_river_bank
Swamp:2:  evilmike_swamp_ruin_rubble_1, swamp_pool2
Swamp:3:  basic_altar, swamp_pool1, hangedman_swamp_blocks, uniq_louise
IceCv:    ice_cave_small_dragons

Action                   |  1- 3 |  4- 6 |  7- 9 | 10-12 | 13-15 || total
-------------------------+-------+-------+-------+-------+-------++-------
Melee: Flail             |    82 |   200 |   252 |    31 |       ||   565
       Mace              |       |       |       |   633 |   917 ||  1550
Evoke: Wand              |       |       |       |       |     1 ||     1
  Use: Potion            |     1 |     1 |     2 |     4 |     7 ||    15
       Scroll            |       |       |    21 |     9 |    14 ||    44
  Eat: Chunk             |       |     6 |    17 |    19 |    15 ||    57
       Fruit             |       |       |     1 |     1 |     4 ||     6
       Royal jelly       |       |       |       |       |     1 ||     1
